 Dungeon Crawl Stone Soup version 0.18-a0-1109-gfc003ac (webtiles) character file.

91 xgamer67 the Stinger (level 4, 0/27 HPs)
             Began as an Octopode Venom Mage on Jan 16, 2016.
             Slain by tasslehoff34's ghost (3 damage)
             ... on level 3 of the Dungeon.
             The game lasted 00:06:22 (1977 turns).

xgamer67 the Stinger (Octopode Venom Mage)          Turns: 1977, Time: 00:06:22

Health: 0/27       AC:  1    Str:  7    XL:     4   Next: 59%
Magic:  2/7        EV: 12    Int: 23    God:
Gold:   36         SH:  0    Dex: 12    Spells: 3 memorised, 1 level left

rFire  . . .     SeeInvis .     a - +2 whip (elec)
rCold  + . .     Gourm    .     (no shield)
rNeg   . . .     Faith    .     (helmet restricted)
rPois  .         Spirit   .     (no amulet)
rElec  .         Dismiss  .     g - ring of protection from cold
rCorr  .         Reflect  .     (no ring)
SustAt .         Harm     .     (no ring)
MR     .....                    (no ring)
Stlth  ++++......               (no ring)
                                (no ring)
                                (no ring)
                                (no ring)

@: brilliant, very slightly contaminated, invisible, not resistant to hostile
enchantments, stealthy
A: almost no armour, amphibious, 8 rings, constrict 8, camouflage 1, gelatinous
body 1
a: no special abilities


You were on level 3 of the Dungeon.
You were not hungry.

You visited 1 branch of the dungeon, and saw 3 of its levels.

You collected 36 gold pieces.

Inventory:

Hand Weapons
 a - a +2 whip of electrocution (weapon)
 k - a +1 dagger of venom
 q - a cursed -3 trident
Missiles
 n - 2 tomahawks (quivered)
Jewellery
 g - a ring of protection from cold (left tentacle)
Scrolls
 c - 3 scrolls of remove curse
 d - a scroll of amnesia
 m - a scroll of identify
Potions
 e - a potion of curing {unknown}
 i - a potion of cancellation {unknown}
 j - a potion of brilliance
 l - 2 potions of might {unknown}
 p - 2 potions of poison {unknown}
Books
 f - a Young Poisoner's Handbook

   Spells                             Type                      Level
   a - Sting                          Conjuration/Poison           1
   b - Cure Poison                    Poison                       2
   c - Mephitic Cloud                 Conjuration/Poison/Air       3
   d - Olgreb's Toxic Radiance        Poison                       4
   e - Venom Bolt                     Conjuration/Poison           5
Comestibles
 b - 3 bread rations
 h - a beef jerky
 o - a chunk of flesh


   Skills:
 - Level 2.0 Dodging
 + Level 4.8 Stealth
 - Level 2.0 Spellcasting
 + Level 2.6 Conjurations
 - Level 5.0 Poison Magic


You had one spell level left.
You knew the following spells:

 Your Spells              Type           Power        Failure   Level  Hunger
a - Sting                 Conj/Pois      ####         1%          1    #......
b - Mephitic Cloud        Conj/Pois/Air  ####....     1%          3    ###....
P - Cure Poison           Pois           #####.....   1%          2    ##.....


Dungeon Overview and Level Annotations

Branches:
Dungeon (3/15)

Altars:

Annotations:
D:2 Sigmund
D:3 tasslehoff34's ghost, weakling SpCK


Innate Abilities, Weirdness & Mutations

You cannot wear most types of armour.
You are amphibious.
You can wear up to eight rings at the same time.
You can use your tentacles to constrict eight enemies at once.
Your skin changes colour to match your surroundings (Stealth).
Your rubbery body absorbs attacks (AC +1).


Message History

You completely miss the orc.
The orc is moderately wounded.
You constrict the orc. The orc barely misses you.
You hit the orc.
You kill the orc!
Tasslehoff34's ghost hits you!
* * * LOW HITPOINT WARNING * * *
Tasslehoff34's ghost misses you.
An orc comes into view.
Tasslehoff34's ghost hits you.
* * * LOW HITPOINT WARNING * * *
You fade into invisibility!
You are very lightly contaminated with residual magic.
Read which item? (? for menu, Esc to quit)
Okay, then.
Drink which item? (? for menu, Esc to quit)
It was a potion of brilliance.
You feel clever all of a sudden. Tasslehoff34's ghost hits you.
You die...

#########
#.W@o...#
#o#####.#
#.#####.###
#o##..o...
#)##.##.#
#....oW.#
#.......#
#.##.##.#
#.##.##


You could see tasslehoff34's ghost and 2 orcs.

Vanquished Creatures
  An orc priest (D:3)
  2 adders (D:2)
  An ooze (D:1)
  A giant gecko (D:1)
  An orc (D:3)
  3 ball pythons (D:1)
  A giant cockroach (D:2)
  3 goblins
  5 hobgoblins
  5 kobolds
  5 bats
  5 giant newts
  4 rats
37 creatures vanquished.

Notes
Turn   | Place    | Note
--------------------------------------------------------------
     0 | D:1      | xgamer67 the Octopode Venom Mage began the quest for the Orb.
     0 | D:1      | Reached XP level 1. HP: 11/11 MP: 3/3
    98 | D:1      | Reached skill level 5 in Poison Magic
   148 | D:1      | Reached XP level 2. HP: 17/17 MP: 0/5
   156 | D:1      | Learned a level 2 spell: Cure Poison
   550 | D:1      | Reached skill level 1 in Conjurations
   649 | D:1      | Reached XP level 3. HP: 21/21 MP: 2/6
   654 | D:1      | Learned a level 3 spell: Mephitic Cloud
  1232 | D:2      | Noticed Sigmund
  1757 | D:2      | Reached XP level 4. HP: 20/27 MP: 2/7
  1956 | D:3      | Noticed tasslehoff34's ghost (weakling SpCK)
  1977 | D:3      | Slain by tasslehoff34's ghost

Vault maps used:
D:1:      minmay_arrival_radiant_lines
D:2:      uniq_sigmund
D:3:      nicolae_ashenzari_panopticon, nicolae_ru_great_annihilating_truth

Action                   |  1- 3 |  4- 6 || total
-------------------------+-------+-------++-------
Melee: Dagger            |    10 |       ||    10
       Whip              |    20 |    10 ||    30
Throw: Tomahawk          |     1 |       ||     1
 Cast: Sting             |    43 |     6 ||    49
       Cure Poison       |     1 |       ||     1
  Use: Scroll            |     1 |     1 ||     2
       Potion            |       |     1 ||     1
 Stab: Sleeping          |     3 |       ||     3
  Eat: Chunk             |     3 |     1 ||     4
